 Dungeon Crawl Stone Soup version 0.29.1-2-gbd0b4ee654 (webtiles) character file.

Game seed: 17155696228584225374

47 concernfroge the Trooper (level 3, -1/31 HPs)
             Began as a Mummy Monk on Nov 14, 2022.
             Slain by an orc priest
             ... wielding a +0 dagger
              (2 damage)
             ... on level 2 of the Dungeon.
             The game lasted 00:03:02 (1334 turns).

concernfroge the Trooper (Mummy Monk)               Turns: 1334, Time: 00:03:03

Health: -1/31      AC:  8    Str: 16    XL:     3   Next: 48%
Magic:  3/3        EV:  7    Int:  9    God:
Gold:   77         SH:  0    Dex: 14    Spells: 2/2 levels left

rFire   . . .      SeeInvis .   a - +0 spear (freeze)
rCold   + . .      Faith    .   (no shield)
rNeg    + + +      Spirit   .   g - +0 chain mail
rPois   ∞          Reflect  .   (no helmet)
rElec   .          Harm     .   (no cloak)
rCorr   .          Rampage  .   (no gloves)
Will    .....                   (no boots)
Stlth   ..........              (no amulet)
HPRegen 0.10/turn               f - ring of protection from fire
MPRegen 0.08/turn               (no ring)

@: no status effects
A: cold resistance 1, negative energy resistance 3, torment resistance 2, heat
vulnerability 1, in touch with death 1, no potions
a: no special abilities


You were on level 2 of the Dungeon.
You visited 1 branch of the dungeon, and saw 2 of its levels.

You collected 77 gold pieces.

Inventory:

Hand Weapons
 a - a +0 spear of freezing (weapon)
Armour
 g - a +0 chain mail (worn)
Jewellery
 f - a ring of protection from fire (left hand)


   Skills:
 + Level 4.5 Fighting
 - Level 2.4 Polearms
 - Level 2.4 Dodging
 - Level 1.5 Stealth


You had 2 spell levels left.
You didn't know any spells.
Your spell library was empty.

Dungeon Overview and Level Annotations

Branches:
Dungeon (2/15)

Altars:

Shops:
D:2 (


Innate Abilities, Weirdness & Mutations

You are immune to poison.
Your flesh is cold resistant. (rC+)
You are immune to negative energy. (rN+++)
You are immune to unholy pain and torment.
You are vulnerable to heat. (rF-)
You are in touch with the powers of death.
You do not drink.


Message History

No target in view!
HP restored.
Done exploring.
You climb downwards.
There is a stone staircase leading up here.
There is an open door here.
You barely miss the orc priest. The orc priest closely misses you.
You hit the orc priest but do no damage.
The orc priest completely misses you.
You closely miss the orc priest. The orc priest closely misses you.
You hit the orc priest but do no damage.
The orc priest hits you with a +0 dagger.
You hit the orc priest. You freeze the orc priest.
The orc priest is moderately wounded.
The orc priest hits you but does no damage.
You hit the orc priest. You freeze the orc priest.
The orc priest is heavily wounded.
The orc priest hits you but does no damage.
You barely miss the orc priest.
The orc priest is heavily wounded.
The orc priest hits you with a +0 dagger.
You hit the orc priest but do no damage.
You punch the orc priest.
The orc priest is heavily wounded.
The orc priest hits you with a +0 dagger.
You hit the orc priest but do no damage.
The orc priest is heavily wounded.
The orc priest invokes the aid of Beogh against you.
Beogh smites you!
You are too injured to fight recklessly!
You are too injured to fight recklessly!
You hit the orc priest but do no damage.
The orc priest is heavily wounded.
The orc priest invokes the aid of Beogh against you.
Beogh smites you!
* * * LOW HITPOINT WARNING * * *
You hit the orc priest but do no damage.
The orc priest is heavily wounded.
The orc priest hits you with a +0 dagger.
You die...

....###.......... #######.# .####
#.#.#.#.#### #o# ..# #.#.#.......
#.# ..# #.......# ##+## #.# ..#
###.##### ##...## #.# ... #...#
##.....## #.. .... ###.##
##.......######.. ....
#####...####.........#......
...............<@o........'......
..####...####.........#.##...
##.## ##.......##.###.# ....
##.....###.###.# #...# ##...##
#...... #..## ##+## #####.# #..
#.# #.. #.# #.#


You could see an orc priest.

Vanquished Creatures
  2 adders (D:2)
  A worm (D:2)
  3 orcs (D:1)
  A ball python (D:1)
  2 endoplasms
  3 giant cockroaches
  5 quokkas
  A bat (D:1)
  3 frilled lizards
  2 rats (D:1)
23 creatures vanquished.

Vanquished Creatures (others)
  4 plants (D:2)
4 creatures vanquished.

Grand Total: 27 creatures vanquished

Notes
Turn   | Place    | Note
-------+----------+-------------------------------------------
     0 | D:1      | concernfroge the Mummy Monk began the quest for the Orb.
     0 | D:1      | Reached XP level 1. HP: 18/18 MP: 1/1
   312 | D:1      | Reached XP level 2. HP: 24/24 MP: 2/2
   452 | D:1      | Found a faded altar of an unknown god.
   596 | D:2      | Reached skill level 4 in Fighting
   721 | D:2      | Gained mutation: You are in touch with the powers of death.
                  | [Mummy growth]
   721 | D:2      | Reached XP level 3. HP: 27/31 MP: 3/3
   924 | D:2      | Found Kadwab's Weapon Emporium.
  1333 | D:2      | HP: 1/31 [orc priest/divine providence (13)]
  1334 | D:2      | Slain by an orc priest

Illustrated notes

Levels and vault maps discovered:
D:1:      roderic_chinese_lattice_arrival, layout_rooms,
          hellmonk_ecumenical_altar_crossroads, minmay_distorted
D:2:      cheibrodos_pilgrimage, layout_loops_corners, serial_forest,
          infiniplex_forest_zigzag_2, infiniplex_forest_straight_2,
          infiniplex_forest_clump_small, infiniplex_forest_clump_small,
          infiniplex_forest_clump_curved, infiniplex_forest_corner_1,
          serial_shops, nicolae_shop_bloodbath_and_beyond, minmay_tromino_v4_b,
          uniq_sigmund

Skill      XL: |  1  2 |
---------------+-------+-----
Fighting       | 4 |  4.5
Polearms       | |  2.4
Dodging        | |  2.4
Stealth        | |  1.5

Action                   || total
-------------------------++-------
Melee: Spear             ||   125
       Punch             ||     1
  Use: Scroll            ||     4
 Stab: Sleeping          ||     1
Armor: Ring mail         ||    13
       Chain mail        ||    32
Dodge: Dodged            ||    41
